[Event "*** SCC Grand Prix: Titled Tuesday Blitz"]
[Site "Chess.com"]
[Date "2020.08.25"]
[Round "2"]
[White "Nafania1"]
[Black "lifeissofun"]
[Result "0-1"]
[WhiteElo "2436"]
[BlackElo "2246"]
[TimeControl "180+1"]
[EndTime "10:19:49 PDT"]
[Termination "lifeissofun won by resignation"]

1. e4 c5 2. Nf3 d6 3. Bb5+ Nd7 4. c3 a6 5. Ba4 b5 6. Bc2 Bb7 7. d4 Ngf6 8. Nbd2 e6 9. O-O Be7 10. Re1 O-O 11. e5 Nd5 12. Ne4 dxe5 13. dxe5 Qc7 14. Neg5 h6 15. Qd3 g6 16. Nxe6 c4 17. Nxc7 cxd3 18.
Nxd5 dxc2 19. Nxe7+ Kg7 20. Nd4 Rfe8 21. Nec6 Rac8 22. Na5 Bd5 23. Bf4 Nc5 24. Nxc2 Nd3 25. Bg3 Nxe1 26. Nxe1 f6 27. exf6+ Kxf6 28. Nc2 Re2 29.
Ne3 Be4 30. b4 Rxc3 31. Nb3 Rb2 32. h3 Rd3 33. Nc5 Rd4 34. Nxe4+ Rxe4 35. a3 Rd4 36.
Rc1 Ra2 37. Rc6+ Kf7 38. Rxa6 Rxb4 39. Ra7+ Ke6 40. Ra6+ Kf7 41. Bd6 Rb1+ 42. Kh2 Rxf2 43. Bb4 Re2 44. Ng4 Rbb2 45. Rf6+ Kg7 46. Rf2 Rxf2 47.
Bc3+ Kf7 48. Nxh6+ Ke6 49. Bxb2 Rxb2 50. Ng4 Ra2 51. Nf2 Rxf2 0-1

[Event "*** SCC Grand Prix: Titled Tuesday Blitz"]
[Site "Chess.com"]
[Date "2020.08.25"]
[Round "2"]
[White "pedro_nascimento85"]
[Black "Duong57"]
[Result "0-1"]
[WhiteElo "1944"]
[BlackElo "2356"]
[TimeControl "180+1"]
[EndTime "10:19:49 PDT"]
[Termination "Duong57 won by resignation"]

1. d4 d5 2. c4 e6 3. Nc3 c6 4. e4 dxe4 5. Nxe4 Bb4+ 6. Nc3 c5 7.
a3 Bxc3+ 8. bxc3 Nf6 9. Nf3 O-O 10. Bd3 Nbd7 11. O-O b6 12. Bg5 Bb7 13. Qe2 h6 14. Bh4 Qc7 15. Bg3 Qc6 16. Rfd1 Rfe8 17. a4 Nh5 18. a5 Nxg3 19. hxg3 Rad8 20. a6 Ba8 21.
Ne1 Nf6 22. Qc2 Kh8 23. Nf3 cxd4 24. cxd4 Rxd4 25. Be2 Rxd1+ 26. Rxd1 Rc8 27. Ne1 e5 28. Bf3 e4 29. Be2 Qe6 30. Qd2 Bc6 31. Qd6 Qxd6 32. Rxd6 Kg8 33. f3 Kf8 34. fxe4 Nxe4 35. Rd4 Nc5 36. Bf3 Nxa6 37. Rd6 Bxf3 38. Nxf3 Ke7 39. Rd4 f6 40. Re4+ Kf7 41. Nh4 Nc5 42. Rd4 g6 43. Nf3 Rc7 44. Rd1 Rd7 45. Ra1 a5 46. Rb1 Rd6 47. Kf2 a4 48. Ke3 a3 49. Nd4 a2 50. Ra1 Rxd4 51. Rxa2 Rxc4 52. Ra7+ Ke6 53. Kd2 b5 54. Rb7 b4 55. Rb8 b3 0-1

[Event "*** SCC Grand Prix: Titled Tuesday Blitz"]
[Site "Chess.com"]
[Date "2020.08.25"]
[Round "2"]
[White "cassoulet"]
[Black "aNaartjieZA"]
[Result "1-0"]
[WhiteElo "2714"]
[BlackElo "2475"]
[TimeControl "180+1"]
[EndTime "10:19:50 PDT"]
[Termination "cassoulet won by resignation"]

1. e4 e6 2. d4 d5 3. Nc3 Bb4 4.
e5 c5 5. a3 Bxc3+ 6. bxc3 Ne7 7. h4 b6 8. h5 h6 9. Qg4 Kf8 10. Rh3 Ba6 11. Ne2 Nf5 12. Rf3 Qh4 13. Qxh4 Nxh4 14. Rf4 Bxe2 15. Kxe2 g5 16. hxg6 Nxg6 17. Rg4 cxd4 18. cxd4 Nc6 19. c3 Rc8 20. a4 Na5 21. Ba3+ Kg7 22. Kd3 Rc4 23. Kc2 Rhc8 24. Bxc4 Nxc4 25.
Be7 Na5 26. Rh1 Kh7 27. Bg5 Rc4 28. Bxh6 Rxa4 29. Bg5+ Kg7 30. Bf6+ Kf8 31. Rg3 Ra2+ 32.
Kb1 Rxf2 33. Rgh3 Ke8 34. g4 Nc4 35. R3h2 Rf3 36. Kc2 a5 37. Kb3 b5 38. Rc2 b4 39. g5 bxc3 40. Rxc3 a4+ 41. Kb4 Rxc3 42. Kxc3 a3 43. Rb1 Kd7 44. Rb7+ Ke8 45. Ra7 Nf4 46.
Ra8+ Kd7 47. Rf8 Ne2+ 48. Kb3 Nc1+ 49. Kc2 a2 50. Rxf7+ Kc6 51. Ra7 Kb5 52. Kxc1 1-0

[Event "*** SCC Grand Prix: Titled Tuesday Blitz"]
[Site "Chess.com"]
[Date "2020.08.25"]
[Round "2"]
[White "ChessBitl"]
[Black "Revnov"]
[Result "1/2-1/2"]
[WhiteElo "2476"]
[BlackElo "2695"]
[TimeControl "180+1"]
[EndTime "10:19:51 PDT"]
[Termination "Game drawn - insufficient material"]

1. e4 c5 2. Nf3 d6 3. d4 cxd4 4. Nxd4 Nf6 5. f3 Nc6 6. c4 e6 7.
Be3 Be7 8. Nc3 O-O 9. Qd2 d5 10. exd5 exd5 11. O-O-O Bb4 12. a3 Ba5 13. b4 Bb6 14. c5 Bc7 15. Bd3 a5 16. Nxc6 bxc6 17. b5 cxb5 18. Nxb5 Be5 19. a4 Bd7 20. f4 Bb8 21.
Bd4 Re8 22. Rhe1 Bg4 23. Rxe8+ Qxe8 24. Re1 Qd8 25. h3 Bd7 26. Qe3 Ne4 27. Bxe4 dxe4 28. Qxe4 Ra6 29. f5 h5 30. Rd1 Qg5+ 31. Be3 Qd8 32. g4 Qc8 33. Qd3 Be8 34. Qd8 Rc6 35. Qxc8 Rxc8 36. Kb1 hxg4 37. hxg4 f6 38. Nd6 Bxd6 39.
cxd6 Bxa4 40. d7 Rd8 41. Bb6 Rxd7 42. Rxd7 Bxd7 43. Bxa5 Bc6 44. Bd2 Bf3 45. g5 Be4+ 46. Kb2 Bxf5 47. gxf6 gxf6 48. Bc3 Kf7 49. Bxf6 1/2-1/2

[Event "*** SCC Grand Prix: Titled Tuesday Blitz"]
[Site "Chess.com"]
[Date "2020.08.25"]
[Round "2"]
[White "Playgood28"]
[Black "crackcubano"]
[Result "0-1"]
[WhiteElo "2327"]
[BlackElo "2645"]
[TimeControl "180+1"]
[EndTime "10:19:51 PDT"]
[Termination "crackcubano won by resignation"]

1. d4 Nf6 2. c4 e6 3. Nc3 Bb4 4. Qc2 c5 5. dxc5 O-O 6. a3 Bxc5 7. e3 b6 8. Nf3 Bb7 9. Be2 Be7 10. O-O d6 11. b3 Nbd7 12. Bb2 Rc8 13. Rac1 a6 14. Qb1 Rc7 15. Rfd1 Qa8 16. Ne1 Rb8 17. Bf3 b5 18. Bxb7 Qxb7 19. cxb5 axb5 20. Nd3 d5 21. Na2 Rbc8 22.
Rxc7 Rxc7 23. Nab4 Ne4 24. Ne5 Ndc5 25. Bd4 Qc8 26. f3 Nf6 27. Nbd3 Nxd3 28. Nxd3 Bxa3 29. Bxf6 gxf6 30. Qa1 Be7 31. Qd4 Rc2 32. Qg4+ Kh8 33. Nf4 Rc1 34. Rxc1 Qxc1+ 35. Kf2 Bc5 36. Kg3 Qxe3 37.
Nh5 Qg5 38. h4 Bd6+ 39. Kh3 Qxg4+ 40. Kxg4 Be7 41. Nf4 Kg7 42. Nd3 Bd6 43. h5 f5+ 44. Kh3 Kf6 45. g4 fxg4+ 46. Kxg4 e5 47. Nf2 h6 48. Nd3 Ke6 49. Nf2 f5+ 50. Kg3 e4+ 51.
Kg2 Ke5 52. Nxe4 dxe4 0-1

[Event "*** SCC Grand Prix: Titled Tuesday Blitz"]
[Site "Chess.com"]
[Date "2020.08.25"]
[Round "2"]
[White "Haykoooo0o"]
[Black "Sacbutt"]
[Result "1-0"]
[WhiteElo "2521"]
[BlackElo "2198"]
[TimeControl "180+1"]
[EndTime "10:19:51 PDT"]
[Termination "Haykoooo0o won on time"]

1. d4 Nf6 2. Nf3 e6 3. e3 b6 4. Bd3 Bb7 5. Nbd2 c5 6. c3 d5 7. Ne5 Nbd7 8. f4 Be7 9. O-O O-O 10. Qf3 Rc8 11. g4 cxd4 12. exd4 Ne8 13. Qh3 g6 14. Qh6 Nxe5 15. fxe5 Bg5 16. Qh3 f6 17. Nf3 Bxc1 18. Raxc1 f5 19. Qh6 Qe7 20. Ng5 Nc7 21. Rf4 Qg7 22.
Qxg7+ Kxg7 23. gxf5 exf5 24. Rcf1 Rce8 25. h4 Ba6 26.
Bxa6 Nxa6 27. Kf2 Nc7 28. Ke3 Ne6 29. Nxe6+ Rxe6 30. Rg1 h6 31. Rf2 Kh7 32. Kf4 Rg8 33.
Rfg2 a5 34. Rg3 h5 35. Kg5 Rf8 36. Rf3 Rc6 37. Kf4 Re6 38. Rfg3 Kh6 39. b3 Kh7 40. c4 Rd8 41. Rc1 Rc6 42. Rgc3 Rdc8 43. c5 bxc5 44. Rxc5 Rxc5 45. Rxc5 Ra8 46. Kg5 a4 47. Rc7+ Kg8 48. b4 Ra6 49. a3 1-0

[Event "*** SCC Grand Prix: Titled Tuesday Blitz"]
[Site "Chess.com"]
[Date "2020.08.25"]
[Round "2"]
[White "thedjoker98"]
[Black "Oleksandr_Bortnyk"]
[Result "1/2-1/2"]
[WhiteElo "2575"]
[BlackElo "2930"]
[TimeControl "180+1"]
[EndTime "10:19:53 PDT"]
[Termination "Game drawn by repetition"]

1. d4 d6 2. e4 Nf6 3. Nc3 Nbd7 4. Nf3 e5 5. Bc4 Be7 6. O-O O-O 7. a4 a6 8. Re1 b6 9. dxe5 dxe5 10. Bg5 Bb7 11. Nd5 Nxd5 12. Bxd5 c6 13. Bxe7 Qxe7 14. Bc4 b5 15. axb5 axb5 16. Bf1 Nc5 17. Qe2 h6 18. Qe3 Rfd8 19. c3 Kh7 20. g3 Na4 21.
b3 Nc5 22. b4 Na4 23. Red1 Rxd1 24. Rxd1 Re8 25. Bh3 g6 26. Rd7 Qf6 27. Rxb7 Nb2 28. Rd7 Nc4 29. Qe2 Ra8 30. Rd1 Ra3 31. Rc1 Kg7 32. Nd2 Ra2 33. Rd1 Qg5 34. Nf3 Rxe2 35. Nxg5 hxg5 36. Bd7 Rc2 37. Bxc6 Na3 38. Rd7 Rxc3 39.
Bd5 Rf3 40. Kg2 Rf6 41. Re7 Nc2 42. Rxe5 g4 43. Re7 Ne1+ 44. Kg1 Nf3+ 45. Kf1 Nxh2+ 46. Ke2 Nf3 47. e5 Rf5 48. Bxf3 Rxf3 49. e6 g5 50. Rxf7+ Rxf7 51. exf7 Kxf7 52. Ke3 Ke7 53. f3 gxf3 54.
Kxf3 Kf6 55. g4 Ke5 56. Ke3 Kd5 57. Kd3 Ke5 58. Ke3 Kd5 59. Kd3 Ke5 60. Ke3 1/2-1/2

[Event "*** SCC Grand Prix: Titled Tuesday Blitz"]
[Site "Chess.com"]
[Date "2020.08.25"]
[Round "2"]
[White "Vsevolod_Ovchinnikov"]
[Black "Witik"]
[Result "1/2-1/2"]
[WhiteElo "2420"]
[BlackElo "2660"]
[TimeControl "180+1"]
[EndTime "10:19:53 PDT"]
[Termination "Game drawn by repetition"]

1. d4 d5 2. c4 e6 3. Nf3 c6 4. g3 Bd6 5. Bg2 f5 6. O-O Nf6 7. Qc2 O-O 8. Nc3 Qe7 9. Rb1 Nbd7 10. a3 Ne4 11. b4 b6 12. b5 Nxc3 13. Qxc3 Bb7 14.
Bg5 Qe8 15. Rfc1 Rc8 16. cxd5 cxd5 17. Qb3 Nf6 18. Rxc8 Bxc8 19. Rc1 Bd7 20. a4 Qb8 21.
Bxf6 gxf6 22. e3 Rc8 23. Rc3 Rc7 24. Qc2 Qc8 25. Rxc7 Qxc7 26. Qxc7 Bxc7 27. Bf1 Kf8 28. Bd3 Ke7 29. Bc2 Bd6 30. Kf1 Bb4 31. Ke2 Kd6 32. Bb3 Bc8 33. Bc2 a6 34. Bd3 e5 35. Nh4 e4 36.
Bc2 axb5 37. axb5 Bd7 38. Ba4 Ke6 39. Ng2 Kd6 40. Nf4 Be8 41. Kf1 Bf7 42. Ke2 Be8 43.
Kf1 Ba5 44. Ke2 Bf7 45. Kf1 Bb4 46. Ke2 Ke7 47. Bb3 Kd6 48. Ba4 1/2-1/2

[Event "*** SCC Grand Prix: Titled Tuesday Blitz"]
[Site "Chess.com"]
[Date "2020.08.25"]
[Round "2"]
[White "cukin84"]
[Black "Korchmar_Vasiliy"]
[Result "1-0"]
[WhiteElo "2053"]
[BlackElo "2593"]
[TimeControl "180+1"]
[EndTime "10:19:53 PDT"]
[Termination "cukin84 won by resignation"]

1. e4 c5 2. Nc3 d6 3. f4 Nc6 4.
Nf3 Nf6 5. Bb5 Bd7 6. d3 e6 7.
O-O Be7 8. Qe1 O-O 9. Kh1 Nd4 10. Nxd4 cxd4 11. Bxd7 Nxd7 12. Ne2 Bf6 13. f5 Rc8 14. c4 dxc3 15. bxc3 d5 16. Rb1 Nc5 17. Qg3 dxe4 18. d4 Nd3 19. Bh6 Kh8 20. Be3 exf5 21. Rxf5 b6 22. Rbf1 Qc7 23. Qh3 Qd7 24. Qg3 Qc7 25. Qg4 Qc4 26. Rh5 g6 27. Rh3 Bg7 28. Qh4 h5 29. Ng3 Kg8 30. Rg1 Qxa2 31. Nxh5 gxh5 32. Qxh5 f6 33. Qh7+ Kf7 34. Rg3 Rg8 35. Qg6+ Kf8 36. Qxe4 Nf2+ 37. Bxf2 Qxf2 38. Qe6 Re8 39. Qd6+ Kf7 40.
Qd5+ Kf8 41. Qd6+ Kf7 42. Qd7+ Re7 43. Qd5+ Re6 44. Qd7+ Re7 45. Qd5+ Ke8 46. Qxg8+ Kd7 47. Rxg7 1-0

[Event "*** SCC Grand Prix: Titled Tuesday Blitz"]
[Site "Chess.com"]
[Date "2020.08.25"]
[Round "2"]
[White "profofchess"]
[Black "ARTHURMOTIVATOR"]
[Result "0-1"]
[WhiteElo "2437"]
[BlackElo "2250"]
[TimeControl "180+1"]
[EndTime "10:19:53 PDT"]
[Termination "ARTHURMOTIVATOR won by resignation"]

1. e4 c6 2. Nf3 d5 3. Nc3 dxe4 4.
Nxe4 Nf6 5. Qe2 Bf5 6. Nxf6+ gxf6 7. d3 e6 8. g3 Nd7 9. Bg2 Bd6 10. Nh4 Bg6 11. O-O Qc7 12. Bh6 O-O-O 13. a4 f5 14. a5 a6 15. Rfb1 f4 16. b4 fxg3 17. hxg3 Be5 18. Ra3 Bf6 19. Nf3 Bh5 20. Qe3 Bxf3 21.
Qxf3 Bd4 22. c3 Ne5 23. Qe4 Bxf2+ 24. Kxf2 Nxd3+ 25. Kg1 Qxg3 26. Qf3 Qg6 27. Be3 Rhg8 28. b5 Ne5 29. Qf1 Ng4 30. Bf4 e5 31. bxc6 exf4 32.
cxb7+ Kb8 33. Qxf4+ Qd6 34. Qxd6+ Rxd6 35. Rab3 Ne3 36.
R3b2 Rdg6 37. Rf1 Rxg2+ 38. Rxg2 Rxg2+ 39. Kh1 Nxf1 40. Kxg2 Ne3+ 41. Kf3 Nd5 42. Ke4 Nxc3+ 43. Kf5 Nb5 44. Kf6 Nd4 45. Kxf7 Nb3 46. Kg7 Nxa5 47.
Kxh7 Kxb7 48. Kg6 Kc6 49. Kf5 Kc5 50. Ke4 Kc4 51. Ke3 Kc3 52. Ke2 Kc2 53. Ke3 Nb3 54. Ke4 a5 55. Kd5 a4 56. Kc4 a3 57. Kb4 a2 0-1

[Event "*** SCC Grand Prix: Titled Tuesday Blitz"]
[Site "Chess.com"]
[Date "2020.08.25"]
[Round "2"]
[White "marcocordeiro2013"]
[Black "mortngabriel"]
[Result "0-1"]
[WhiteElo "2224"]
[BlackElo "2449"]
[TimeControl "180+1"]
[EndTime "10:19:54 PDT"]
[Termination "mortngabriel won on time"]

1. d4 Nf6 2. c4 c5 3. d5 b5 4.
cxb5 a6 5. f3 e6 6. e4 axb5 7.
Bxb5 Qa5+ 8. Nc3 Ba6 9. Qa4 Qxa4 10. Bxa4 exd5 11. exd5 Bd6 12. Bg5 O-O 13. Bxf6 gxf6 14. Kf2 Be5 15. Bc2 d6 16. Nge2 Nd7 17. Rae1 Bxe2 18.
Rxe2 Bxc3 19. bxc3 Nb6 20. Rb1 Nxd5 21. Be4 Nxc3 22. Bxa8 Nxe2 23. Bc6 Nd4 24. Bd5 Ne6 25. Rb7 Nf4 26. Bb3 d5 27. g3 Nd3+ 28. Ke3 c4 29.
Bc2 Re8+ 30. Kd2 Ne1 31. Bd1 d4 32. f4 c3+ 33. Kc1 d3 34. Bh5 Rd8 35. Bxf7+ Kf8 36.
Bb3 Nf3 37. Rf7+ Ke8 38. Rxh7 Nd4 39. Rh8+ Ke7 40. Rxd8 Kxd8 41. Bc4 d2+ 42. Kd1 Nf5 43. Bb3 Kc7 0-1

[Event "*** SCC Grand Prix: Titled Tuesday Blitz"]
[Site "Chess.com"]
[Date "2020.08.25"]
[Round "2"]
[White "gusmaster2262"]
[Black "SharapovEvgeny"]
[Result "0-1"]
[WhiteElo "2187"]
[BlackElo "2426"]
[TimeControl "180+1"]
[EndTime "10:19:54 PDT"]
[Termination "SharapovEvgeny won on time"]

1. Nf3 c5 2. g3 Nc6 3. Bg2 e5 4. d3 g6 5. O-O Bg7 6. e4 Nge7 7. c3 O-O 8. Nbd2 d5 9. Qe2 d4 10. cxd4 cxd4 11. b3 h6 12. Ba3 Be6 13. Rac1 Rc8 14.
Nc4 Qd7 15. Nfd2 b5 16. Nd6 Rb8 17. Bc5 Rfd8 18. f4 Nc8 19. Nxc8 Rbxc8 20. Nf3 Bg4 21.
f5 gxf5 22. exf5 Bxf5 23. Nh4 Bg4 24. Qf2 Be6 25. Be4 Ne7 26. Qf3 Rf8 27. Qh5 Rxc5 28. Rxc5 f5 29. Bg2 Bf7 30. Qf3 Qd6 31. Rfc1 e4 32. dxe4 d3 33. e5 Bxe5 34. Rxe5 Qxe5 35. Qxd3 f4 36. Be4 fxg3 37. hxg3 Nd5 38. Bxd5 Qxd5 39.
Qxd5 Bxd5 40. Ng6 Re8 41. Nf4 Bf7 42. Rc7 a5 43. Rb7 a4 44. Ra7 axb3 45. axb3 Bxb3 46. Rb7 Bc4 47. Rb6 Kg7 48. Nh5+ Kf7 49. Nf6 Re6 50. Rxe6 Kxe6 51. Ne4 Kd5 52. Nc3+ Kd4 0-1

[Event "*** SCC Grand Prix: Titled Tuesday Blitz"]
[Site "Chess.com"]
[Date "2020.08.25"]
[Round "2"]
[White "chenxiaoyuer"]
[Black "mohssenbinaddi"]
[Result "1-0"]
[WhiteElo "2423"]
[BlackElo "2187"]
[TimeControl "180+1"]
[EndTime "10:19:54 PDT"]
[Termination "chenxiaoyuer won by resignation"]

1. e4 c6 2. d4 d5 3. Nd2 dxe4 4. Nxe4 Bf5 5. Ng3 Bg6 6. Nh3 e5 7. dxe5 Qa5+ 8. c3 Qxe5+ 9. Be2 Nd7 10. O-O Ngf6 11.
Bf3 O-O-O 12. Qa4 a6 13. Bf4 Qb5 14. Qxb5 axb5 15. a4 bxa4 16. Rxa4 Nb6 17. Ra7 Bd6 18. Rfa1 Rhe8 19. Bxd6 Rxd6 20. Nf4 Kc7 21. h4 Rd2 22. h5 Be4 23. Bxe4 Nxe4 24. Re1 Nd6 25. Rxe8 Nxe8 26. b4 Nd6 27. Ra1 Nb5 28. Re1 Nxc3 29. Re7+ Rd7 30. Re8 Nbd5 31. Nd3 Re7 32. Rh8 h6 33. Nf5 Rd7 34.
Nc5 Rd8 35. Rxd8 Kxd8 36. Nxg7 Nxb4 37. Nf5 Kc7 38. Nxh6 b6 39. Nb3 c5 40. Nxf7 c4 41. Nd4 Nc6 42. Nxc6 Kxc6 43. h6 Ne2+ 44. Kf1 Nf4 45.
h7 Ng6 46. Ne5+ Kd5 47. Nxg6 c3 48. h8=Q c2 49. Qa1 Kc4 50. Qc1 Kb3 51. Ne5 b5 52.
Nc6 b4 53. Nxb4 Kxb4 54. Qxc2 1-0

[Event "*** SCC Grand Prix: Titled Tuesday Blitz"]
[Site "Chess.com"]
[Date "2020.08.25"]
[Round "2"]
[White "phoenix_sjh"]
[Black "GOGIEFF"]
[Result "0-1"]
[WhiteElo "2537"]
[BlackElo "2855"]
[TimeControl "180+1"]
[EndTime "10:19:56 PDT"]
[Termination "GOGIEFF won by resignation"]

1. d4 Nf6 2. c4 g6 3. Nc3 Bg7 4. e4 d6 5. Be2 O-O 6. Nf3 e5 7. O-O Nc6 8. d5 Ne7 9. Ne1 Nd7 10. Be3 f5 11. f3 Nf6 12. Nd3 c5 13. b4 b6 14. a4 f4 15. Bf2 a5 16. bxc5 bxc5 17. Rb1 g5 18. Nb5 Ng6 19. Nxd6 Qxd6 20. Bxc5 Qc7 21. Qb3 Ba6 22. Rfc1 Rfb8 23. Bb6 Qf7 24. c5 Nd7 25. Qc3 Bf8 26. Kh1 h5 27. Bf1 g4 28.
Nf2 Bxf1 29. Rxf1 Nxb6 30. cxb6 Bb4 31. Qc6 Ra6 32. Nd3 Raxb6 33. Qc4 Bd6 34. Rxb6 Rxb6 35. Qc8+ Kg7 36. fxg4 hxg4 37. Qxg4 Rb3 38. Nf2 Qb7 39. Nh3 Rb1 40. Qe2 Qb2 41. Qf3 Bc5 42. Ng5 Bf2 43.
Qd3 Qc1 44. Ne6+ Kf6 45. h4 Qxf1+ 46. Qxf1 Rxf1+ 47. Kh2 Bg3+ 48. Kh3 Rh1+ 49. Kg4 Rxh4+ 50. Kf3 Rh1 51. Ke2 Re1+ 52. Kd3 Re3+ 53. Kc4 Rxe4+ 54. Kb5 Re2 55. Kxa5 Rxg2 56. Kb5 Rb2+ 57. Kc4 f3 58. Nc5 Rc2+ 59. Kd3 Rxc5 0-1

[Event "*** SCC Grand Prix: Titled Tuesday Blitz"]
[Site "Chess.com"]
[Date "2020.08.25"]
[Round "2"]
[White "Man-Chuk"]
[Black "Sanyura"]
[Result "1-0"]
[WhiteElo "2820"]
[BlackElo "2514"]
[TimeControl "180+1"]
[EndTime "10:19:56 PDT"]
[Termination "Man-Chuk won by resignation"]

1. c4 e6 2. Nc3 Nf6 3. e4 c5 4. e5 Ng8 5. Nf3 Nc6 6. d4 cxd4 7.
Nxd4 Nxe5 8. Ndb5 d6 9. c5 a6 10.
Nxd6+ Bxd6 11. cxd6 Nf6 12. Be2 O-O 13. Bg5 h6 14.
Bh4 Bd7 15. O-O Ng6 16. Bg3 Qb6 17. Qd2 Rac8 18. Rfd1 e5 19. h4 Rfe8 20. Rac1 Re6 21. h5 Nf4 22. Bxf4 exf4 23. Bf3 Rce8 24. b3 Re5 25.
Qxf4 Qa5 26. Bxb7 Ng4 27. Bd5 Kh8 28. Qxf7 Qc5 29. Ne4 Qxd5 30. Rxd5 Rxe4 31. Rdd1 Ne5 32. Qd5 Rh4 33. Re1 Rxh5 34. f4 Be6 35. Qxe5 Rxe5 36.
Rxe5 Kg8 37. Rc7 Kf8 38. f5 Bf7 39. Rxe8+ Bxe8 40. d7 1-0

[Event "*** SCC Grand Prix: Titled Tuesday Blitz"]
[Site "Chess.com"]
[Date "2020.08.25"]
[Round "2"]
[White "TurboSteen"]
[Black "ExtremeLearner"]
[Result "0-1"]
[WhiteElo "2031"]
[BlackElo "2374"]
[TimeControl "180+1"]
[EndTime "10:19:56 PDT"]
[Termination "ExtremeLearner won on time"]

1. e4 c6 2. c4 d5 3. cxd5 cxd5 4. exd5 Nf6 5. Nc3 g6 6. Bc4 Bg7 7. Nge2 O-O 8. d3 Nbd7 9. O-O Nb6 10. Qb3 Bf5 11.
Bg5 Nfd7 12. Rfe1 h6 13. Bf4 Nc5 14. Qa3 Bxd3 15. Qxc5 Bxc4 16. Qe3 Rc8 17. Rad1 g5 18. Be5 f6 19. Bd4 Kh8 20. Ng3 Nxd5 21. Nxd5 Bxd5 22. Nf5 e5 23. Bxa7 Qa5 24. a3 Bf7 25. Rd7 Rc7 26. Bb6 Qxe1+ 27. Qxe1 Rxd7 28. h4 Bg6 29. Ne3 Rc8 30. Qe2 Bd3 31. Qg4 Rc1+ 32. Kh2 f5 33. Nxf5 Bxf5 34. Qxf5 Rcd1 35. hxg5 hxg5 36. Qxg5 e4 37. Be3 R1d5 38. Qh4+ Kg8 39. Kg1 Rd1+ 40.
Kh2 Be5+ 41. g3 Bg7 42. Kg2 R1d5 43. Qxe4 Bxb2 0-1

[Event "*** SCC Grand Prix: Titled Tuesday Blitz"]
[Site "Chess.com"]
[Date "2020.08.25"]
[Round "2"]
[White "jacky72"]
[Black "ajdemipopushi"]
[Result "0-1"]
[WhiteElo "2544"]
[BlackElo "2299"]
[TimeControl "180+1"]
[EndTime "10:19:58 PDT"]
[Termination "ajdemipopushi won by checkmate"]

1. Nf3 c5 2. g3 g6 3. Bg2 Bg7 4. O-O Nc6 5. Nc3 e6 6. b3 Nge7 7. Bb2 O-O 8. e3 d5 9. d4 cxd4 10. Nxd4 Nxd4 11. exd4 b6 12. Ne2 Ba6 13. Re1 Rc8 14.
Nf4 Nf5 15. c3 Nd6 16. Nd3 Ne4 17. Bxe4 dxe4 18. Ne5 Bb7 19. Qe2 h5 20. Rad1 Bf6 21. h4 Qc7 22. c4 Rfd8 23. Qe3 Bg7 24. Rd2 Kh7 25. Rdd1 f6 26. Nxg6 Kxg6 27. a4 Bh6 28. Qe2 f5 29. Qc2 Qc6 30. Qc3 Bg7 31. Qe3 Bh6 32.
Qc3 Qd7 33. d5 exd5 34. Qf6+ Kh7 35. cxd5 Rf8 36. Qe5 Rce8 37. Qc3 f4 38. d6 fxg3 39. fxg3 e3 40. Qc7 Rf7 41. Rc1 Qf5 42. Qc2 Be4 43. Qe2 Qh3 44. Qh2 Qxh2+ 45. Kxh2 Rf2+ 46.
Kg1 Rg2+ 47. Kh1 Rxb2+ 48. Kg1 Rg2+ 49. Kf1 Rf8# 0-1

[Event "*** SCC Grand Prix: Titled Tuesday Blitz"]
[Site "Chess.com"]
[Date "2020.08.25"]
[Round "2"]
[White "Karina_Ivanova"]
[Black "DariaVoit"]
[Result "0-1"]
[WhiteElo "2273"]
[BlackElo "2505"]
[TimeControl "180+1"]
[EndTime "10:19:59 PDT"]
[Termination "DariaVoit won on time"]

1. d4 d5 2. Nf3 Nf6 3. g3 g6 4. Bg2 Bg7 5. O-O O-O 6. Nbd2 c6 7. c4 Bf5 8. b3 a5 9. Bb2 a4 10. Nh4 Be6 11. c5 b6 12. b4 bxc5 13. dxc5 a3 14. Bd4 Na6 15. Rb1 Nc7 16. Nhf3 Nb5 17. Ba1 Bf5 18. Rc1 Qc7 19. Nb3 Bh6 20. e3 Be4 21. Nbd4 Nxd4 22. Qxd4 Rfb8 23. Bc3 Bg7 24. Qd2 Ne8 25. Nd4 e5 26. Nb3 Bxg2 27. Kxg2 Nf6 28. f3 Rd8 29. Rfd1 Rd7 30. Qc2 h5 31. e4 d4 32. Bd2 h4 33. g4 Nh7 34.
h3 Nf8 35. Qd3 Ne6 36. Be1 Nf4+ 37. Kf1 Nxd3 38. Rxd3 Bh6 39. Rcd1 Be3 40. Ke2 Bf4 41. Bxh4 Rb8 42. Be1 Kg7 43. h4 Rh8 44. Na5 Rdd8 45.
Rxa3 Ra8 46. Rad3 Ra6 0-1

[Event "*** SCC Grand Prix: Titled Tuesday Blitz"]
[Site "Chess.com"]
[Date "2020.08.25"]
[Round "2"]
[White "XiaoKangZhong"]
[Black "Grootneus"]
[Result "1-0"]
[WhiteElo "2414"]
[BlackElo "2162"]
[TimeControl "180+1"]
[EndTime "10:19:59 PDT"]
[Termination "XiaoKangZhong won by resignation"]

1. e4 c5 2. c3 Nf6 3. e5 Nd5 4. d4 cxd4 5. cxd4 d6 6. Nf3 Nc6 7. Bc4 dxe5 8. dxe5 Nb6 9. Qxd8+ Nxd8 10. Bb3 Be6 11.
Nc3 Bxb3 12. axb3 e6 13. Be3 Nd5 14. Nxd5 exd5 15. Rxa7 Bb4+ 16. Ke2 Rxa7 17. Bxa7 Nc6 18. Bd4 O-O 19. Ra1 Re8 20. Kd3 h5 21. h3 g6 22. g4 hxg4 23. hxg4 Bf8 24. Re1 Bg7 25. Bc3 b5 26. Re2 b4 27. Bd4 Re6 28. Re1 Re8 29.
Ra1 Nxe5+ 30. Nxe5 Bxe5 31. Bxe5 Rxe5 32. Ra4 Re1 33. Rxb4 Rb1 34. Kc2 Rf1 35. f4 Rg1 36. g5 Rg3 37. Rd4 Rf3 38. b4 Kf8 39. b5 Ke7 40. b6 Kd6 41. b7 Kc7 42. Rb4 Kb8 43. Kb1 d4 44. Rxd4 Kxb7 45. Rd7+ Kc6 46. Rxf7 Kd5 47. Rf6 Ke4 48. Rxg6 Rxf4 49. Rd6 Ke5 50.
Rd1 Rb4 51. Kc2 Kf5 52. Kc3 Rb8 53. b4 Kxg5 54. Rf1 Kg4 55. Kc4 Re8 56. b5 Re2 57. Kc5 Rb2 58. b6 Rc2+ 59. Kd6 Rb2 60. Kc7 Rc2+ 61. Kb8 Rb2 62. b7 Kg5 63. Rc1 Kf6 64. Kc7 Ke7 1-0

[Event "*** SCC Grand Prix: Titled Tuesday Blitz"]
[Site "Chess.com"]
[Date "2020.08.25"]
[Round "2"]
[White "Misticpikachu"]
[Black "giantslayer83"]
[Result "0-1"]
[WhiteElo "2305"]
[BlackElo "2714"]
[TimeControl "180+1"]
[EndTime "10:20:02 PDT"]
[Termination "giantslayer83 won by checkmate"]

1. c4 e5 2. Nc3 Nf6 3. Nf3 Nc6 4. e4 Bb4 5. d3 d6 6. a3 Bc5 7. Bg5 h6 8. Bh4 a5 9. Nd5 g5 10. Nxg5 hxg5 11. Bxg5 Nxe4 12. dxe4 Qxg5 13. Nxc7+ Kd8 14. Nxa8 Bg4 15. Be2 Be6 16. g3 Kd7 17. b4 Bd4 18. b5 Ne7 19. Ra2 Rxa8 20. Qd2 Qg6 21. f4 Qxe4 22.
Rf1 Rh8 23. Qd3 Qxd3 24. Bxd3 f5 25. fxe5 dxe5 26. h4 e4 27. Be2 Kc7 28. Rd2 Bc3 29. Kd1 Bxd2 30. Kxd2 Ng6 31. Ke3 Kd6 32. h5 Ne5 33. Rd1+ Kc5 34. Kf4 Nxc4 35. Bxc4 Kxc4 36. Rd6 Bf7 37. h6 Kxb5 38. Kxf5 e3 39. Rd7 e2 40. Kg5 e1=Q 41. Rxf7 Qe3+ 42. Kf6 Qxh6+ 43. Ke7 Qg5+ 44.
Kd7 Rd8+ 45. Kc7 b6 46. g4 Rd5 47. Kb7 Qxg4 48. Rc7 Rd7 49. a4+ Kxa4 50. Ka6 Qe2+ 51. Rc4+ Qxc4+ 52. Kxb6 Qb5# 0-1

[Event "*** SCC Grand Prix: Titled Tuesday Blitz"]
[Site "Chess.com"]
[Date "2020.08.25"]
[Round "2"]
[White "catalin009"]
[Black "AntonovaNadezhda"]
[Result "1-0"]
[WhiteElo "2370"]
[BlackElo "2021"]
[TimeControl "180+1"]
[EndTime "10:20:02 PDT"]
[Termination "catalin009 won on time"]

1. e4 c5 2. Nf3 d6 3. Bb5+ Nd7 4.
O-O a6 5. Bd3 Ngf6 6. Re1 Qc7 7.
c3 g6 8. Bc2 Bg7 9. d4 e5 10.
Nbd2 O-O 11. a4 b6 12. Nf1 cxd4 13. cxd4 exd4 14. Nxd4 Bb7 15. Ng3 Rac8 16. Bd2 Nxe4 17. Bxe4 Bxd4 18. Bh6 Bg7 19. Bxg7 Kxg7 20. Bxb7 Qxb7 21.
Qxd6 Qc7 22. Qd4+ Nf6 23. Ne4 Qc6 24. b4 Rfd8 25. Qb2 Qe6 26. h3 Re8 27. Ra3 Rc4 28.
Rae3 Rxe4 29. Rxe4 Qxe4 30. Rxe4 Rxe4 31. a5 Re1+ 32.
Kh2 bxa5 33. bxa5 Re4 34. Qc3 Re6 35. Qc4 h5 36. f3 g5 37. g4 hxg4 38. hxg4 Kg6 39.
Kg3 Kg7 40. Qd3 Re7 41. Qc3 Re6 42. Qc5 Kg6 43. Qf5+ Kh6 44. f4 gxf4+ 45. Kxf4 Kg7 46. g5 Nh5+ 47. Kg4 1-0